 Dungeon Crawl Stone Soup version 0.30-a0-341-g682706514a (webtiles) character file.

Game seed: 4153094637487740589

175 purpskrrrp the Magician (level 5, -2/28 HPs)
             Began as a Deep Elf Fire Elementalist on Nov 5, 2022.
             Slain by an iguana (8 damage)
             ... on level 4 of the Dungeon.
             The game lasted 00:08:50 (2783 turns).

purpskrrrp the Magician (DEFE)                      Turns: 2783, Time: 00:08:51

Health: -2/28      AC:  5    Str:  5    XL:     5   Next: 29%
Magic:  9/14       EV: 13    Int: 26    God:
Gold:   125        SH:  0    Dex: 13    Spells: 12/13 levels left

rFire   + . .      SeeInvis .    m - +5 sling "Huewao" {elec, rCorr Int+6 Dex-2 Stlth+}
rCold   . . .      Faith    .    (no shield)
rNeg    . . .      Spirit   .    a - +0 robe
rPois   .          Reflect  .    (no helmet)
rElec   .          Harm     .    e - +0 cloak
rCorr   +          Rampage  .    (no gloves)
Will    .....                    (no boots)
Stlth   +++.......               (no amulet)
HPRegen 0.24/turn                (no ring)
MPRegen 0.14/turn                (no ring)

@: no status effects
A: iridescent scales 1, dopey 1, fire resistance 1
a: no special abilities


You were on level 4 of the Dungeon.
You visited 1 branch of the dungeon, and saw 4 of its levels.

You collected 125 gold pieces.

Inventory:

Hand Weapons
 c - a +0 dagger
 m - the +5 sling "Huewao" (weapon) {elec, rCorr Int+6 Dex-2 Stlth+}
   (You found it on level 2 of the Dungeon)

   Any ammunition fired from it occasionally discharges a powerful burst of
   electricity upon striking a foe.
   Int:       It affects your intelligence (+6).
   Dex:       It affects your dexterity (-2).
   rCorr:     It protects you from acid and corrosion.
   Stlth:     It makes you more stealthy.
Armour
 a - a +0 robe (worn)
 e - a +0 cloak (worn)
Magical Staves
 k - a staff of death
Scrolls
 b - a scroll of blinking
 d - a scroll of identify
 f - 2 scrolls of poison {unknown}
 i - a scroll of fear
 j - a scroll of immolation
 p - 3 scrolls of vulnerability {unknown}
Potions
 g - 3 potions of heal wounds
 h - a potion of might
 l - a potion of magic
 n - a potion of flight {unknown}
 o - 2 potions of curing
 q - a potion of lignification {unknown}
 r - a potion of attraction {unknown}


   Skills:
 + Level 3.4 Dodging
 + Level 3.6 Stealth
 * Level 4.9 Spellcasting
 + Level 2.3 Conjurations
 + Level 4.1 Fire Magic


You had 12 spell levels left.
You knew the following spells:

 Your Spells              Type           Power      Damage    Failure   Level
a - Foxfire               Conj/Fire      92%        2x1d8     1%          1

Your spell library contained the following spells:

 Spells                   Type           Power      Damage    Failure   Level
 Scorch                   Fire           56%        2d8       1%          2
 Inner Flame              Hex/Fire       17%        N/A       10%         3
 Cigotuvi's Dreadful Rot  Necr/Pois/Air  12%        N/A       12%         2
 Ensorcelled Hibernation  Hex/Ice        12%        N/A       12%         2
 Passwall                 Tmut/Erth      5%         N/A       12%         2
 Poisonous Vapours        Pois/Air       12%        N/A       12%         2
 Kindle Blastsparks       Fire/Tloc/Air  26%        2d12      13%         3
 Mephitic Cloud           Conj/Pois/Air  10%        N/A       17%         3
 Flame Wave               Conj/Fire      23%        2d8       21%         4
 Swiftness                Air            6%         N/A       24%         3


Dungeon Overview and Level Annotations

Branches:
Dungeon (4/15)
 Temple: D:4-7

Altars:
Fedhas


Innate Abilities, Weirdness & Mutations

You are partially covered in iridescent scales. (AC +2)
You are dopey. (Int -2)
Your flesh is heat resistant. (rF+)


Message History

The centaur kicks you but does no damage.
The iguana barely misses you. The centaur completely misses you.
The centaur closely misses you.
Casting: Foxfire (safe; 1% risk of failure)
Confirm with . or Enter, or press ? or * to list all spells.
You conjure some foxfire!
The foxfire hits the centaur but does no damage.
The centaur is moderately wounded.
The foxfire hits the iguana.
The iguana is heavily wounded.
The gnoll barely misses you. The iguana bites you.
The centaur barely misses you. x2
Casting: Foxfire (safe; 1% risk of failure)
Confirm with . or Enter, or press ? or * to list all spells.
You conjure some foxfire!
The foxfire hits the gnoll.
The gnoll is lightly wounded.
The centaur hits you. The centaur closely misses you. The iguana bites you.
The gnoll hits you with a +0 flail!
* * * LOW HITPOINT WARNING * * *
The centaur closely misses you. The centaur misses you.
Casting: Foxfire (safe; 1% risk of failure)
Confirm with . or Enter, or press ? or * to list all spells.
You conjure some foxfire!
The foxfire hits the centaur.
The centaur is heavily wounded.
The foxfire hits the centaur.
The centaur is severely wounded.
The foxfire hits the centaur but does no damage.
The centaur is severely wounded.
The gnoll closely misses you.
The iguana bites you but does no damage.
The centaur barely misses you. The centaur misses you.
The foxfire hits the gnoll.
The gnoll is severely wounded.
The foxfire hits the centaur.
The centaur is severely wounded.
The centaur hits you.
* * * LOW HITPOINT WARNING * * *
The centaur kicks you but does no damage.
The iguana bites you!
You die...

#....# .
#....# ..
#....# ...
#....# #..
#....#
#...#....#
#..ยงยงยง.#
#...@..#
#.##cgl.#
#.o...#
.####.# .#
.# .. # ..
..#


You could see a centaur, an iguana, a gnoll and an orc.

Vanquished Creatures
  Jessica (D:2)
  An orc wizard (D:3)
  Robin (D:2)
  4 adders
  3 dart slugs
  4 orcs (D:3)
  6 ball pythons
  4 endoplasms
  3 giant cockroaches
  11 goblins
  6 hobgoblins
  4 jackals (D:3)
  A kobold (D:3)
  4 quokkas
  5 bats
  4 rats (D:2)
62 creatures vanquished.

Vanquished Creatures (others)
  156 foxfires
156 creatures vanquished.

Grand Total: 218 creatures vanquished

Notes
Turn   | Place    | Note
-------+----------+-------------------------------------------
     0 | D:1      | purpskrrrp the Deep Elf Fire Elementalist began the quest
                  | for the Orb.
     0 | D:1      | Reached XP level 1. HP: 10/10 MP: 6/6
  1106 | D:2      | Reached XP level 2. HP: 15/15 MP: 4/8
  1111 | D:2      | Reached XP level 3. HP: 19/19 MP: 1/10
  1191 | D:2      | Noticed Jessica
  1211 | D:2      | Killed Jessica
  1300 | D:2      | Reached XP level 4. HP: 22/24 MP: 3/12
  1369 | D:2      | Found a blossoming altar of Fedhas.
  1522 | D:2      | Identified the +5 sling "Huewao" {elec, rCorr Int+6 Dex-2
                  | Stlth+}
  1623 | D:2      | Noticed Robin
  1656 | D:2      | Killed Robin
  1856 | D:2      | Gained mutation: You are dopey. (Int -2) [potion of
                  | mutation]
  1856 | D:2      | Gained mutation: Your flesh is heat resistant. (rF+)
                  | [potion of mutation]
  1856 | D:2      | Gained mutation: You are partially covered in iridescent
                  | scales. (AC +2) [potion of mutation]
  2037 | D:3      | Reached XP level 5. HP: 9/28 MP: 9/14
  2703 | D:4      | Noticed a centaur
  2783 | D:4      | Slain by an iguana

Illustrated notes

Levels and vault maps discovered:
D:1:      minmay_arrival_wavy_path, layout_loops_ring,
          nicolae_kite_square_tiling_tiny
D:2:      layout_rooms, basic_altar, uniq_robin, uniq_jessica
D:3:      layout_loops_cross
D:4:      layout_gridville, serial_shops, shop, minmay_vboxes, uniq_grinder

Skill      XL: |  1  2  3  4 |
---------------+-------------+-----
Dodging        | 3 |  3.4
Stealth        | 3 |  3.6
Spellcasting   | 4 |  4.9
Conjurations   | 2 |  2.3
Fire Magic     | 4 |  4.1

Action                   |  1- 3 |  4- 6 || total
-------------------------+-------+-------++-------
 Fire: Sling             |       |    55 ||    55
 Cast: Foxfire           |    51 |    57 ||   108
  Use: Scroll            |     3 |     6 ||     9
       Potion            |     1 |     2 ||     3
Armor: Robe              |     1 |    20 ||    21
Dodge: Dodged            |     2 |    34 ||    36

Table legend: (Time is in decaauts)
 A = Elapsed time spent in this place.
 B = Non-inter-level travel time spent in this place.
 C = Inter-level travel time spent in this place.
 D = Time resting spent in this place.
 E = Time spent auto-exploring this place.
 F = Levels seen in this place.
 G = Mean time per level.
                   A        B        C        D        E       F      G
               +--------+--------+--------+--------+--------+-----+--------+
         Total |   2804 |   2655 |    149 |    360 |   1895 |   4 |  701.0 |
       Dungeon |   2804 |   2655 |    149 |    360 |   1895 |   4 |  701.0 |
               +--------+--------+--------+--------+--------+-----+--------+

Top non-repeatable levels by time:
     D:1: 1026 daAuts
     D:3: 918 daAuts
     D:2: 846 daAuts
     D:4: 13 daAuts
